IL
CHARLOTTE KNIGHTS @ SCRANTON WB RAILRIDERS
08/28/2046
 
TOP OF THE 1ST
Charlotte Knights batting - Pitching for Scranton WB RailRiders : RHP Ray Richards
Pitching: RHP Ray Richards
Batting: RHB Jason Moss 0-0: Ball
1-0: SINGLE (Line Drive, 8RS, EV 106.9 MPH)
Batting: LHB Dustin Taylor 0-0: Ball
1-0: Called Strike
1-1: Called Strike
Jason Moss is caught stealing 2nd base 2-6
1-2: Foul Ball, location: 2F
1-2: Ground out 6-3 (Groundball, 6S, EV 80.0 MPH)
Batting: LHB Hirakito Herring 0-0: Swinging Strike
0-1: Called Strike
0-2: Ball
1-2: Foul Ball, location: 2F
1-2: Ball
2-2: Ground out 4-3 (Groundball, 4, EV 91.9 MPH)
Top of the 1st over - 0 runs, 1 hit, 0 errors, 0 left on base; Charlotte 0 - Scranton WB 0
BOTTOM OF THE 1ST
Scranton WB RailRiders batting - Pitching for Charlotte Knights : LHP Josh Turner
Pitching: LHP Josh Turner
Batting: RHB Devon Utley 0-0: Ball
1-0: Ground out 6-3 (Groundball, 6, EV 86.2 MPH)
Batting: RHB Bobby Melillo 0-0: Foul Ball, location: 2F
0-1: Ball
1-1: Ball
2-1: Ground out 5-3 (Groundball, 56S, EV 90.6 MPH)
Batting: RHB Scott King 0-0: Fly out, F7 (Flyball, 7LM, EV 95.0 MPH)
Bottom of the 1st over - 0 runs, 0 hits, 0 errors, 0 left on base; Charlotte 0 - Scranton WB 0
TOP OF THE 2ND
Charlotte Knights batting - Pitching for Scranton WB RailRiders : RHP Ray Richards
Batting: LHB Angel Tellez 0-0: Ball
1-0: Foul Ball, location: 2F
1-1: Ball
2-1: Ball
3-1: Base on Balls
Batting: LHB John Thurman 0-0: Ball
1-0: Ball
2-0: Ball
3-0: Called Strike
3-1: Called Strike
3-2: Strikes out swinging
Angel Tellez is caught stealing 2nd base 2-6
Batter strikes out.
Batting: RHB Micah Brown 0-0: Ball
1-0: Hit by Pitch
Batting: LHB Matt Hyde 0-0: Ball
1-0: Foul Ball, location: 2F
1-1: Foul Ball, location: 2F
1-2: Strikes out swinging
Top of the 2nd over - 0 runs, 0 hits, 0 errors, 1 left on base; Charlotte 0 - Scranton WB 0
BOTTOM OF THE 2ND
Scranton WB RailRiders batting - Pitching for Charlotte Knights : LHP Josh Turner
Batting: SHB Mukhtar Wa'il 0-0: Swinging Strike
0-1: Called Strike
0-2: Ball
1-2: Foul Ball, location: 2F
1-2: Ball
2-2: Ball
3-2: Base on Balls
Batting: SHB Victor Ruiz 0-0: Ball
1-0: SINGLE (Line Drive, 8LS, EV 95.0 MPH)
Mukhtar Wa'il to second
Batting: LHB Aaron Joyner 0-0: Ball
1-0: Foul Ball, location: 2F
1-1: Ball
2-1: Called Strike
2-2: Fielders Choice at 2nd, 4-6 (Groundball, 4M, EV 103.8 MPH)
Mukhtar Wa'il to third
Batting: SHB Edwin Dominguez 0-0: Foul Ball, location: 2F
0-1: Grounds into double play, 4-6-3 (Groundball, 4, EV 106.2 MPH)
Bottom of the 2nd over - 0 runs, 1 hit, 0 errors, 1 left on base; Charlotte 0 - Scranton WB 0
TOP OF THE 3RD
Charlotte Knights batting - Pitching for Scranton WB RailRiders : RHP Ray Richards
Batting: RHB Jose Medina 0-0: Called Strike
0-1: Foul Ball, location: 2F
0-2: Ball
1-2: DOUBLE (Flyball, 8LXD, EV 95.6 MPH)
Batting: RHB John Iddings 0-0: Ball
1-0: Called Strike
1-1: Foul Ball, location: 2F
1-2: Ball
2-2: Ball
3-2: Foul Ball, location: 2F
3-2: Base on Balls
Batting: RHB Jason Moss 0-0: Ball
1-0: Called Strike
Jose Medina is caught stealing 3rd base 2-5
John Iddings to second
1-1: Ball
2-1: Ball
3-1: Base on Balls
Batting: LHB Dustin Taylor 0-0: Ball
1-0: Ball
2-0: Ground out 5-3 (Groundball, 56S, EV 71.9 MPH)
John Iddings to third
Jason Moss to second
Batting: LHB Hirakito Herring 0-0: Ball
1-0: Ball
2-0: Ball
3-0: Base on Balls
Batting: LHB Angel Tellez 0-0: Ball
1-0: Foul Ball, location: 2F
1-1: Swinging Strike
1-2: Foul Ball, location: 2F
1-2: Strikes out swinging
Top of the 3rd over - 0 runs, 1 hit, 0 errors, 3 left on base; Charlotte 0 - Scranton WB 0
BOTTOM OF THE 3RD
Scranton WB RailRiders batting - Pitching for Charlotte Knights : LHP Josh Turner
Batting: RHB Jordan Barragan 0-0: Ball
1-0: Ball
2-0: Called Strike
2-1: Ball
3-1: Base on Balls
Batting: SHB Joe Fure Pickoff Throw to First - Out! 1-3
0-0: SINGLE (Groundball, 56D, EV 106.2 MPH)
Batting: RHB Devon Utley 0-0: Swinging Strike
0-1: Fielders Choice at 2nd, 5-4 (Groundball, 56, EV 81.2 MPH)
Batting: RHB Bobby Melillo 0-0: Ball
1-0: Ball
2-0: Foul Ball, location: 2F
2-1: Called Strike
2-2: Ball
3-2: Ground out 6-3 (Groundball, P, EV 85.0 MPH)
Bottom of the 3rd over - 0 runs, 1 hit, 0 errors, 1 left on base; Charlotte 0 - Scranton WB 0
TOP OF THE 4TH
Charlotte Knights batting - Pitching for Scranton WB RailRiders : RHP Ray Richards
Batting: LHB John Thurman 0-0: Ball
1-0: Swinging Strike
1-1: SINGLE (Groundball, 6S, EV 66.9 MPH) (infield hit)
Batting: RHB Micah Brown 0-0: Ball
John Thurman steals 2nd base
1-0: Ball
2-0: Called Strike
2-1: Foul Ball, location: 2F
2-2: Ball
3-2: Strikes out looking
Batting: LHB Matt Hyde 0-0: SINGLE (Groundball, 56D, EV 101.9 MPH)
John Thurman to third
Runner from 3rd tries for Home, throw by LF and OUT! 7-2
Matt Hyde to second
Batting: RHB Jose Medina 0-0: Called Strike
0-1: Ball
1-1: Called Strike
1-2: Foul Ball, location: 2F
1-2: Ball
2-2: Strikes out swinging
Top of the 4th over - 0 runs, 2 hits, 0 errors, 1 left on base; Charlotte 0 - Scranton WB 0
BOTTOM OF THE 4TH
Scranton WB RailRiders batting - Pitching for Charlotte Knights : LHP Josh Turner
Batting: RHB Scott King 0-0: SINGLE (Groundball, 56S, EV 73.1 MPH) (infield hit)
Batting: SHB Mukhtar Wa'il 0-0: Ball
Scott King steals 2nd base
1-0: Fly out, F8 (Line Drive, 8RM, EV 92.5 MPH)
Batting: SHB Victor Ruiz 0-0: Called Strike
0-1: Foul Ball, location: 2F
0-2: Ball
1-2: Fly out, F6 (Line Drive, 6M, EV 68.8 MPH)
Batting: LHB Aaron Joyner 0-0: Called Strike
0-1: Fly out, F8 (Flyball, 8RS, EV 85.6 MPH)
Bottom of the 4th over - 0 runs, 1 hit, 0 errors, 1 left on base; Charlotte 0 - Scranton WB 0
TOP OF THE 5TH
Charlotte Knights batting - Pitching for Scranton WB RailRiders : RHP Ray Richards
Batting: RHB John Iddings 0-0: Ball
1-0: Ball
2-0: Called Strike
2-1: Ball
3-1: Called Strike
3-2: Foul Ball, location: 2F
3-2: Base on Balls
Batting: RHB Jason Moss 0-0: Swinging Strike
0-1: Ball
1-1: SINGLE (Groundball, 6MS, EV 68.8 MPH) (infield hit)
John Iddings to second
Batting: LHB Dustin Taylor 0-0: Foul Ball, location: 2F
0-1: Swinging Strike
0-2: Ball
1-2: Foul Ball, location: 2F
1-2: Ball
2-2: Fielders Choice at 2nd, 6-4 (Groundball, 6, EV 80.6 MPH)
John Iddings to third
Batting: LHB Hirakito Herring 0-0: Ball
1-0: Called Strike
1-1: Foul Ball, location: 2F
1-2: Fly out, F7 (Flyball, 78M, EV 86.9 MPH)
Runner from 3rd tags up, SCORES, throw by LF
Batting: LHB Angel Tellez 0-0: Ball
1-0: SINGLE (Groundball, 4, EV 95.0 MPH)
Dustin Taylor to second
Runner from 2nd tries for 3rd, SAFE, throw by CF made to third
Batting: LHB John Thurman 0-0: Ground out 4-3 (Groundball, 4, EV 101.2 MPH)
Top of the 5th over - 1 run, 2 hits, 0 errors, 2 left on base; Charlotte 1 - Scranton WB 0
BOTTOM OF THE 5TH
Scranton WB RailRiders batting - Pitching for Charlotte Knights : LHP Josh Turner
Batting: SHB Edwin Dominguez 0-0: Ball
1-0: SINGLE (Flyball, 34D, EV 91.9 MPH)
Batting: RHB Jordan Barragan 0-0: Ball
1-0: Swinging Strike
1-1: Ball
2-1: Ball
3-1: Grounds into double play, 3-6-1 (Groundball, 3, EV 83.1 MPH)
Batting: SHB Joe Fure 0-0: Foul Ball, location: 2F
0-1: Ball
1-1: Ground out 6-3 (Groundball, 6, EV 98.8 MPH)
Bottom of the 5th over - 0 runs, 1 hit, 0 errors, 0 left on base; Charlotte 1 - Scranton WB 0
TOP OF THE 6TH
Charlotte Knights batting - Pitching for Scranton WB RailRiders : RHP Ray Richards
Batting: RHB Micah Brown 0-0: Called Strike
0-1: Ball
1-1: Ground out 5-3 (Groundball, 5, EV 86.2 MPH)
Pitching: RHP Travis Tate
Batting: LHB Matt Hyde 0-0: Ball
1-0: Foul Ball, location: 2F
1-1: Ground out U3 (Groundball, 34, EV 80.6 MPH)
Batting: RHB Jose Medina 0-0: SINGLE (Flyball, 4MD, EV 90.6 MPH)
Batting: RHB John Iddings 0-0: Ball
1-0: Called Strike
1-1: Foul Ball, location: 2F
1-2: Ball
Pickoff Play to 1st, Runner tries for 2nd, OUT after rundown.
Top of the 6th over - 0 runs, 1 hit, 0 errors, 0 left on base; Charlotte 1 - Scranton WB 0
BOTTOM OF THE 6TH
Scranton WB RailRiders batting - Pitching for Charlotte Knights : LHP Josh Turner
Batting: RHB Devon Utley 0-0: Called Strike
0-1: Called Strike
0-2: Ball
1-2: Foul Ball, location: 2F
1-2: Ball
2-2: Strikes out swinging
Batting: RHB Bobby Melillo 0-0: Foul Ball, location: 2F
0-1: Ball
1-1: Ball
2-1: Ball
3-1: SINGLE (Groundball, 56D, EV 95.0 MPH)
Batting: RHB Scott King 0-0: Ball
1-0: Foul Ball, location: 2F
1-1: Ball
2-1: Fielders Choice at 2nd, 6-4 (Groundball, 6M, EV 85.6 MPH)
Batting: SHB Mukhtar Wa'il 0-0: Called Strike
0-1: Ball
1-1: SINGLE (Line Drive, 3D, EV 103.8 MPH)
Scott King to second
Runner from 2nd tries for 3rd, SAFE, throw by RF made to third
Batting: SHB Victor Ruiz 0-0: Called Strike
0-1: Called Strike
0-2: Ground out 4-3 (Groundball, 4, EV 81.2 MPH)
Bottom of the 6th over - 0 runs, 2 hits, 0 errors, 2 left on base; Charlotte 1 - Scranton WB 0
TOP OF THE 7TH
Charlotte Knights batting - Pitching for Scranton WB RailRiders : RHP Travis Tate
Pitching: RHP Joe Kimbrough
Batting: RHB John Iddings 0-0: Ball
1-0: Ball
2-0: Ball
3-0: Base on Balls
Batting: RHB Jason Moss 0-0: Called Strike
0-1: Ball
1-1: Called Strike
1-2: Ball
2-2: Foul Ball, location: 2F
2-2: Foul Ball, location: 2F
2-2: Fielders Choice at 2nd, 6-4 (Groundball, 6, EV 100.6 MPH)
Batting: LHB Dustin Taylor 0-0: Called Strike
0-1: Ball
1-1: Foul Ball, location: 2F
1-2: Foul Ball, location: 2F
1-2: Ball
Jason Moss is caught stealing 2nd base 2-6
2-2: Fly out, F4 (Popup, 4M, EV 65.6 MPH)
Top of the 7th over - 0 runs, 0 hits, 0 errors, 0 left on base; Charlotte 1 - Scranton WB 0
BOTTOM OF THE 7TH
Scranton WB RailRiders batting - Pitching for Charlotte Knights : LHP Josh Turner
Batting: LHB Aaron Joyner 0-0: Foul Ball, location: 2F
0-1: Foul Ball, location: 2F
0-2: Strikes out looking
Batting: SHB Edwin Dominguez 0-0: Ball
1-0: Called Strike
1-1: Foul Ball, location: 2F
1-2: Foul Ball, location: 2F
1-2: Strikes out swinging
Batting: RHB Jordan Barragan 0-0: Ball
1-0: Ground out 5-3 (Groundball, 56, EV 85.0 MPH)
Bottom of the 7th over - 0 runs, 0 hits, 0 errors, 0 left on base; Charlotte 1 - Scranton WB 0
TOP OF THE 8TH
Charlotte Knights batting - Pitching for Scranton WB RailRiders : RHP Joe Kimbrough
Batting: LHB Hirakito Herring 0-0: Ball
1-0: Ball
2-0: Swinging Strike
2-1: Foul Ball, location: 2F
2-2: Ball
3-2: Foul Ball, location: 2F
3-2: Base on Balls
Batting: LHB Angel Tellez 0-0: Called Strike
0-1: Fly out, F7 (Flyball, 7D, EV 96.9 MPH)
Batting: LHB John Thurman 0-0: Called Strike
0-1: Ball
1-1: Foul Ball, location: 2F
1-2: Ball
2-2: Ball
3-2: Base on Balls
Hirakito Herring to second
Pinch Runner at 2nd Alberto Carrasco:
Batting: RHB Micah Brown 0-0: Called Strike
0-1: Ball
1-1: Foul Ball, location: 2F
1-2: Foul Ball, location: 2F
1-2: Foul Ball, location: 2F
1-2: Foul Ball, location: 2F
1-2: Grounds into double play, 4-6-3 (Groundball, 4M, EV 87.5 MPH)
Top of the 8th over - 0 runs, 0 hits, 0 errors, 1 left on base; Charlotte 1 - Scranton WB 0
BOTTOM OF THE 8TH
Scranton WB RailRiders batting - Pitching for Charlotte Knights : LHP Josh Turner
Now at 2B: Jaden Warrior
Batting: SHB Joe Fure 0-0: Foul Ball, location: 2F
0-1: Ground out 6-3 (Groundball, 56, EV 80.6 MPH)
Batting: RHB Devon Utley 0-0: Called Strike
0-1: Ground out 6-3 (Groundball, 6, EV 82.5 MPH)
Batting: RHB Bobby Melillo 0-0: Called Strike
0-1: Ball
1-1: Ball
2-1: Ball
3-1: SINGLE (Line Drive, 89D, EV 110.6 MPH)
Batting: RHB Scott King 0-0: Called Strike
0-1: SINGLE (Groundball, 56D, EV 110.0 MPH)
Bobby Melillo to second
Runner from 2nd tries for 3rd, OUT! 7-5
Bottom of the 8th over - 0 runs, 2 hits, 0 errors, 1 left on base; Charlotte 1 - Scranton WB 0
TOP OF THE 9TH
Charlotte Knights batting - Pitching for Scranton WB RailRiders : RHP Joe Kimbrough
Pitching: LHP Jose Carmona
Batting: LHB Matt Hyde 0-0: Ball
1-0: Foul Ball, location: 2F
1-1: Foul Ball, location: 2F
1-2: Strikes out swinging
Batting: RHB Jose Medina 0-0: Foul Ball, location: 2F
0-1: Called Strike
0-2: DOUBLE (Line Drive, 3D, EV 97.5 MPH)
Batting: RHB John Iddings 0-0: Fly out, F9 (Flyball, 9S, EV 83.8 MPH)
Batting: RHB Jason Moss 0-0: Ground out 5-3 (Groundball, 5S, EV 69.4 MPH)
Top of the 9th over - 0 runs, 1 hit, 0 errors, 1 left on base; Charlotte 1 - Scranton WB 0
BOTTOM OF THE 9TH
Scranton WB RailRiders batting - Pitching for Charlotte Knights : LHP Josh Turner
Pitching: RHP Tommy Benedict
Batting: SHB Mukhtar Wa'il 0-0: Called Strike
0-1: Ball
1-1: Foul Ball, location: 2F
1-2: SINGLE (Line Drive, 7S, EV 86.9 MPH)
Batting: SHB Victor Ruiz 0-0: Ball
1-0: Ball
2-0: Called Strike
2-1: Foul Ball, location: 2F
2-2: Ball
3-2: Foul Ball, location: 2F
3-2: Fielders Choice at 2nd, 3-6 (Groundball, 34S, EV 84.4 MPH)
Batting: LHB Aaron Joyner 0-0: Fly out, F8 (Flyball, 89D, EV 94.4 MPH)
Batting: SHB Edwin Dominguez 0-0: Ball
1-0: Swinging Strike
1-1: Fielders Choice at 2nd, 5-4 (Groundball, 5L, EV 83.1 MPH)
Bottom of the 9th over - 0 runs, 1 hit, 0 errors, 1 left on base; Charlotte 1 - Scranton WB 0
Tuesday, September 13th , 2022 - OOTP Baseball 23.7 Build 88